 Dungeon Crawl Stone Soup version 0.25.1-2-g60ff931df9 (webtiles) character file.

Game seed: 1596186637249250215

35 HawFromDerth the Ruffian (level 3, 0/28 HPs)
             Began as a Draconian Transmuter on Sept 21, 2020.
             Slain by a goblin
             ... wielding a +0 club
              (3 damage)
             ... on level 2 of the Dungeon.
             The game lasted 00:02:28 (1241 turns).

HawFromDerth the Ruffian (Draconian Transmuter)     Turns: 1241, Time: 00:02:30

Health: 0/28       AC:  5    Str: 13    XL:     3   Next: 17%
Magic:  5/6        EV: 12    Int: 13    God:
Gold:   23         SH:  0    Dex: 11    Spells: 5/6 levels left

rFire    . . .     SeeInvis .     - Unarmed
rCold    . . .     Gourm    .   (no shield)
rNeg     . . .     Faith    .   (armour unavailable)
rPois    .         Spirit   .   (helmet restricted)
rElec    .         Reflect  .   (no cloak)
rCorr    .         Harm     .   (no gloves)
MR       .....                  (no boots)
Stlth    +.........             (no amulet)
HPRegen  0.09/turn              (no ring)
MPRegen  0.10/turn              (no ring)

@: no status effects
A: unfitting armour, hooves 1, no potion heal 1, cold-blooded, AC +5
a: no special abilities


You were on level 2 of the Dungeon.
You were not hungry.

You visited 1 branch of the dungeon, and saw 2 of its levels.

You collected 23 gold pieces.

Inventory:

Missiles
 a - 12 arrows
Scrolls
 e - a scroll of remove curse
 g - a scroll of enchant armour
Comestibles
 c - 3 rations
 h - a chunk of flesh


   Skills:
 + Level 1.1 Fighting
 + Level 1.8 Dodging
 + Level 3.8 Unarmed Combat
 + Level 2.4 Spellcasting
 + Level 2.2 Transmutations


You had 5 spell levels left.
You knew the following spells:

 Your Spells              Type           Power        Failure   Level  Hunger
a - Beastly Appendage     Tmut           #.....       10%         1    #......

Your spell library contained the following spells:

 Spells                   Type           Power        Failure   Level  Hunger
 Sticks to Snakes         Tmut           #.......     14%         2    ###....
 Spider Form              Tmut/Pois      #.........   43%         3    ###....
 Ice Form                 Ice/Tmut       #.......     83%         4    #####..
 Blade Hands              Tmut           #.........   95%         5    ######.


Dungeon Overview and Level Annotations

Branches:
Dungeon (2/15)

Altars:


Innate Abilities, Weirdness & Mutations

Your plain brown scales are hard. (AC +5)
You cannot fit into any form of body armour.
You are cold-blooded and may be slowed by cold attacks.
You have large cloven feet.
Potions are less effective at restoring your health.


Message History

The goblin closely misses you.
You barely miss the frilled lizard. Your kick misses the frilled lizard.
The bat closely misses you.
The frilled lizard bites you but does no damage.
The goblin hits you but does no damage.
You closely miss the frilled lizard.
Your headbutt misses the frilled lizard.
The bat hits you.
* * * LOW HITPOINT WARNING * * *
The bat barely misses you.
The frilled lizard bites you but does no damage.
The goblin hits you but does no damage.
You barely miss the goblin. You kick the goblin.
Your headbutt misses the goblin.
You tail-slap the goblin, but do no damage.
The goblin is severely wounded.
Your horns disappear.
The bat closely misses you. The frilled lizard closely misses you.
The goblin hits you with a +0 club.
You die...

#. .! ..# .# #
###.. #.# .# .#
#.....###.# .#..#
#.........##.#..#.
#..............!..
.........)lg..(.#
#.........@..#
#.........b..#
#...........##
###.........#
#.###.....#
#.###.....#
#....###### ####.#
#.#


You could see a goblin, a bat and a frilled lizard.

Vanquished Creatures
  A gnoll (D:2)
  An ooze (D:1)
  A leopard gecko (D:1)
  3 bats (D:1)
  3 goblins (D:1)
  5 hobgoblins (D:1)
  2 jackals (D:1)
  2 frilled lizards (D:1)
  A kobold (D:1)
  A rat (D:1)
20 creatures vanquished.

Notes
Turn   | Place    | Note
-------+----------+-------------------------------------------
     0 | D:1      | HawFromDerth the Draconian Transmuter began the quest for
                  | the Orb.
     0 | D:1      | Reached XP level 1. HP: 16/16 MP: 3/3
   308 | D:1      | Reached XP level 2. HP: 10/23 MP: 3/5
  1174 | D:1      | Gained mutation: Potions are less effective at restoring
                  | your health. [potion of mutation]
  1174 | D:1      | Gained mutation: You have large cloven feet. [potion of
                  | mutation]
  1236 | D:2      | Reached XP level 3. HP: 6/28 MP: 4/6
  1241 | D:2      | Slain by a goblin

Illustrated notes

Levels and vault maps discovered:
D:1:      onia_arrival_mini_maze, layout_basic, minmay_close_crescents
D:2:      layout_basic, chequers_decorated_corner, minmay_tetromino_l2

Action                   || total
-------------------------++-------
Melee: Unarmed           ||    75
       Headbutt          ||     6
       Tailslap          ||     4
       Kick              ||     2
       Punch             ||     1
 Cast: Beastly Appendage ||    15
  Use: Scroll            ||     6
       Potion            ||     2
  Eat: Chunk             ||     1
Armor: Skin              ||    28
Dodge: Dodged            ||    56
